 Dungeon Crawl Stone Soup version bcrawl-1.41.1 (console) character file.

Game seed: 875903832500379916

349569 Burana the Fighter (level 11, -1/156 HPs)
             Began as an Oni Archaeologist on Apr 12, 2024.
             Was an Elder of Jiyva.
             Slain by a cane toad (7 damage)
             ... on level 1 of the Lair of Beasts on Apr 13, 2024.
             The game lasted 01:10:15 (9482 turns).

Burana the Fighter (Oni Archaeologist)              Turns: 9482, Time: 01:10:16

Health: -1/156     AC: 27    Str: 16    XL:     11   Next: 29%
Magic:  5/23       EV:  1    Int: 16    God:    Jiyva [****..]
Gold:   467        SH:  0    Dex: 11    Spells: 6/24 levels left

rFire    . . .     GDR:     46% K - -1 mace (curse)
rCold    + . .     SeeInvis .   (no shield)
rNeg     + + +     Gourm    .   (armour currently unavailable)
rPois    +         Faith    +   (helmet currently unavailable)
rElec    .         Spirit   .   (cloak currently unavailable)
rCorr    +         Reflect  .   (gloves currently unavailable)
MR       .....     NoTele   +   (boots currently unavailable)
Stlth    ++........             E - amulet of faith
HPRegen  0.36/turn              m - ring of poison resistance
MPRegen  0.18/turn              k - ring of Xeic Diucu {+Fly rC+}

@: tree-form, very slightly contaminated
A: giant, oni magic, robust 1
a: Request Jelly, Evolve, Slimify, Renounce Religion


You were on level 1 of the Lair of Beasts.
You worshipped Jiyva.
Jiyva was greatly pleased with you.
You were near starving.
You were a tree.
You visited 3 branches of the dungeon, and saw 10 of its levels.
You also visited: Sewer and Gauntlet.

You collected 641 gold pieces.
You spent 174 gold pieces at shops.

Inventory:

Hand Weapons
 a - a +0 flail
 b - a +0 blowgun
 w - the +6 dire flail "Gygraiv" {crush, Str+4, unknown}
   (You found it in a Gauntlet)

   It will always inflict at least some extra damage.
   This minimum extra damage increases with your current reserve of magical
   power.
   It affects your strength (+4).
 y - a +0 whip
 z - the +6 hunting sling "Doanion" {flame, +Blink rElec}
   (You took it off a minotaur in a Gauntlet)

   It causes projectiles fired from it to surge with flame as they hit,
   increasing damage dealt by approximately one third against foes not resistant
   or susceptible to fire.
   It insulates you from electricity.
   It lets you blink.
 D - a +3 dagger
 K - a cursed -1 mace (weapon)
 M - a +2 scimitar of venom
 Q - the +4 great sword of Barnacled Punishment {slice, Int+6, unknown}
   (You found it in a Gauntlet)

   It will always inflict at least some extra damage.
   This minimum extra damage increases with your current reserve of magical
   power.
   It affects your intelligence (+6).
 Y - a +2 lajatang of venom
Missiles
 f - 5 curare-tipped needles
 r - 274 javelins
 t - 316 poisoned needles
 O - 212 poisoned tomahawks (quivered)
Armour
 c - a +1 animal skin
 d - a +1 hat (melded)
 h - the +0 pair of boots of the Game Afoot (melded) {*Drain Regen+ Int+6 Stlth+}
   (You acquired it on level 3 of the Dungeon)

   It affects your intelligence (+6).
   It increases your rate of regeneration.
   It causes draining when unequipped.
   It makes you more stealthy.
 j - a +1 pair of boots
 n - a +0 ring mail
 J - the +5 ring mail "Fesut" (melded) {rElec rF+ rC- Str+3}
   (You found it on level 6 of the Dungeon)

   It affects your strength (+3).
   It protects you from fire.
   It makes you vulnerable to cold.
   It insulates you from electricity.
 S - a +1 cloak of invisibility (melded)
 V - a +1 leather armour of cold resistance
 W - a +2 ring mail of cold resistance
Jewellery
 k - the ring of Xeic Diucu (right branch) {+Fly rC+}
   (You found it on level 1 of the Dungeon)

   [ring of flight]

   It protects you from cold.
   It lets you fly.
 m - a ring of poison resistance (left branch)
 A - a +7 ring of intelligence
 E - an amulet of faith (around neck)
 G - an uncursed amulet of the gourmand
Wands
 C - a wand of digging (10)
 F - a wand of iceblast (3)
 R - a wand of random effects (13)
 U - a wand of disintegration (13)
Scrolls
 g - a scroll of revelation
 i - 2 scrolls of identify
 o - a scroll of amnesia
 p - a scroll of enchant armour {unknown}
 s - 3 scrolls of teleportation
 B - 2 scrolls of immolation {unknown}
 L - a scroll of enchant weapon {unknown}
Potions
 l - 2 potions of mutation
 q - 7 potions of curing
 u - 2 potions of lignification
 v - 6 potions of flight
 x - a potion of degeneration
 H - a potion of cancellation
 I - 2 potions of magic
 N - a potion of invisibility
 P - a potion of ambrosia {unknown}
Miscellaneous
 T - a phantom mirror
 X - a box of beasts
Comestibles
 e - 7 rations {!d}


   Skills:
 + Level 8.6 Fighting
 + Level 8.0 Maces & Flails
 - Level 4.0 Armour
 - Level 7.0 Dodging
 - Level 3.0 Stealth
 + Level 7.0 Spellcasting
   Level 7.0 Conjurations
   Level 7.0 Hexes
   Level 7.0 Charms
   Level 7.0 Summonings
   Level 7.0 Necromancy
   Level 7.0 Translocations
   Level 7.0 Transmutations
   Level 7.0 Fire Magic
   Level 7.0 Ice Magic
   Level 7.0 Air Magic
   Level 7.0 Earth Magic
   Level 7.0 Poison Magic


You had 6 spell levels left.
You knew the following spells:

 Your Spells              Type           Power        Failure   Level  Hunger
a - Passwall              Tmut/Erth      ####....     1%          2    None
b - Swiftness             Chrm/Air       ####....     1%          2    None
c - Tree Form             Hex/Tmut       N/A          7%          4    ####...
d - Summon Lightning Spi  Summ/Air       ####....     19%         5    #####..
e - Silence               Hex/Air        ####......   19%         5    #####..

Your spell library contained the following spells:

 Spells                   Type           Power        Failure   Level  Hunger


Dungeon Overview and Level Annotations

Branches:
Dungeon (8/12)             Temple (1/1) D:4            Lair (1/6) D:8
    Orc: D:8-11

Altars:
Ashenzari
Cheibriados
Dithmenos
Fedhas
Gozag
Hepliaklqana
Kikubaaqudgha
Lugonu
Makhleb
Nemelex Xobeh
Okawaru
Qazlal
Ru
Sif Muna
Trog
Uskayaw
Vehumet
Wu Jian
Yredelemnul
Jiyva

Shops:
D:8 *

Annotations:
D:8 exclusion: catoblepas


Innate Abilities, Weirdness & Mutations

You learn spells by gaining experience, not through books or religion.
You only train spellcasting to practice magic.
((You have sharp fingernails.))
((You have very sharp teeth.))
((You have a pair of horns on your head.))
You are robust. (+10% HP)


Message History

You closely miss the cane toad.
The cane toad is moderately wounded.
The cane toad hits you!
* * * LOW HITPOINT WARNING * * *
Casting: Tree Form (safe; 7% risk of failure)
Confirm with . or Enter, or press ? or * to list all spells.
Aiming: Summon Lightning Spire (quite dangerous; 19% risk of failure)
Press: ? - help, Dir - move target cursor An electric hum fills the air.
You are near starving!
The cane toad hits you but does no damage.
You hit the cane toad but do no damage.
The cane toad is moderately wounded.
The cane toad barely misses you.
You hit the cane toad.
The cane toad is heavily wounded.
The cane toad hits you!
* * * LOW HITPOINT WARNING * * *
The cane toad hits you!
You die...

You could see a cane toad and a friendly lightning spire.

Vanquished Creatures
  2 thrashing horrors (Gauntlet)
  2 elephants (Gauntlet)
  Grinder (D:5)
  A hippogriff (D:6)
  A yak (D:7)
  Sigmund (D:6)
  4 hungry ghosts
  Menkaure (D:5)
  A crocodile (D:8)
  5 porcupines
  3 soldier ants (D:8)
  2 orc warriors
  4 black bears
  An ogre (D:8)
  2 phantoms
  An ice beast (D:5)
  2 bullfrogs
  A kobold brigand (Sewer)
  2 centaurs
  A scorpion (D:4)
  5 wights (D:8)
  A howler monkey (D:5)
  An orc priest (D:7)
  A crimson imp (D:6)
  A bullfrog zombie (D:5)
  2 hounds
  5 orc wizards
  A bullfrog skeleton (D:7)
  10 worker ants
  A howler monkey zombie (D:6)
  6 adders
  A river rat (Sewer)
  A shadow imp (D:6)
  A white imp (Gauntlet)
  An adder skeleton (D:8)
  4 worms
  2 dart slugs
  5 leopard geckos
  16 orcs
  3 bats
  7 giant cockroaches
  6 goblins
  8 hobgoblins
  13 jackals
  8 kobolds
  2 frilled lizards
  2 gnoll zombies (D:6)
  A jackal skeleton (D:5)
  10 rats
163 creatures vanquished.

Vanquished Creatures (collateral kills)
  A minotaur (Gauntlet)
  An elephant (Gauntlet)
  A torpor snail (Gauntlet)
  An ice devil (Gauntlet)
  A basilisk (Lair:1)
  A water moccasin (Lair:1)
  An iguana (Lair:1)
  3 white imps (Gauntlet)
10 creatures vanquished.

Vanquished Creatures (others)
  10 fungi (D:8)
  5 plants (D:8)
15 creatures vanquished.

Grand Total: 188 creatures vanquished

Notes
Turn   | Place    | Note
-------+----------+-------------------------------------------
     0 | D:1      | Burana the Oni Archaeologist began the quest for the Orb.
     0 | D:1      | Reached XP level 1. HP: 16/16 MP: 3/3
    25 | D:1      | Got a heavily runed iron ring
    27 | D:1      | Identified the ring of Xeic Diucu {+Fly rC+} (You found it
                  | on level 1 of the Dungeon)
    97 | D:1      | Reached XP level 2. HP: 20/23 MP: 4/4
   960 | D:1      | Reached XP level 3. HP: 27/28 MP: 5/5
  1194 | D:2      | Found a sparkling altar of Nemelex Xobeh.
  1824 | D:3      | Reached XP level 4. HP: 38/38 MP: 6/6
  1997 | D:3      | Found a bloodstained altar of Trog.
  2127 | D:3      | Reached XP level 5. HP: 33/46 MP: 7/7
  2127 | D:3      | Identified a scroll of acquirement
  2129 | D:3      | Identified the +1 longbow of the Gibberer {elec, rF+ rC+
                  | Dex-3} (You acquired it on level 3 of the Dungeon)
  2129 | D:3      | Identified the +0 pair of boots of the Game Afoot {*Drain
                  | Regen+ Int+6 Stlth+} (You acquired it on level 3 of the
                  | Dungeon)
  2129 | D:3      | Identified the ring "Goajul" {Ice Int+2} (You acquired it
                  | on level 3 of the Dungeon)
  2347 | D:4      | Found a staircase to the Ecumenical Temple.
  2352 | Temple   | Entered the Ecumenical Temple
  2356 | Temple   | Became a worshipper of Jiyva Jotourch the Shapeless
  2391 | D:4      | Found a glowing drain.
  2410 | Sewer    | Entered a sewer
  2518 | Sewer    | Noticed a kobold brigand
  2541 | Sewer    | Killed a kobold brigand
  2542 | Sewer    | Reached skill level 1 in Spellcasting
  2600 | Sewer    | Found a glowing silver altar of Zin.
  2646 | D:4      | Found a hide-covered altar of Uskayaw.
  2649 | D:4      | Found a sacrificial altar of Ru.
  2659 | D:4      | Reached XP level 6. HP: 52/52 MP: 8/10
  2668 | D:4      | Found a shimmering blue altar of Sif Muna.
  2671 | D:4      | Found a glowing silver altar of Zin.
  2672 | D:4      | Found a blossoming altar of Fedhas.
  2672 | D:4      | Found a shattered altar of Ashenzari.
  2672 | D:4      | Found an opulent altar of Gozag.
  2849 | D:4      | Found a radiant altar of Vehumet.
  3209 | D:4      | Found a burning altar of Makhleb.
  3600 | D:5      | Entered Level 5 of the Dungeon
  3624 | D:5      | Noticed Menkaure
  3646 | D:5      | Reached ** piety under Jiyva
  3651 | D:5      | Killed Menkaure
  3652 | D:5      | Reached XP level 7. HP: 32/59 MP: 12/12
  3724 | D:5      | Found an iron altar of Okawaru.
  4066 | D:5      | Reached skill level 5 in Maces & Flails
  4066 | D:5      | Reached skill level 1 in Armour
  4406 | D:5      | Noticed Grinder
  4423 | D:5      | Killed Grinder
  4424 | D:5      | Reached XP level 8. HP: 30/66 MP: 14/14
  4750 | D:6      | Noticed a troll
  4899 | D:6      | Found a basalt altar of Yredelemnul.
  5024 | D:6      | Got a jewelled ring mail
  5038 | D:6      | Identified the +5 ring mail "Fesut" {rElec rF+ rC- Str+3}
                  | (You found it on level 6 of the Dungeon)
  5130 | D:6      | Noticed Sigmund
  5135 | D:6      | Killed Sigmund
  5135 | D:6      | Gained mutation: You are partially covered in iridescent
                  | scales. (AC +2) [Jiyva's grace]
  5136 | D:6      | Reached skill level 5 in Fighting
  5136 | D:6      | Noticed a hippogriff
  5150 | D:6      | Killed a hippogriff
  5381 | D:6      | Reached XP level 9. HP: 73/74 MP: 15/15
  5636 | D:6      | Reached *** piety under Jiyva
  5952 | D:7      | Lost mutation: You are partially covered in iridescent
                  | scales. (AC +2) [Jiyva's grace]
  6082 | D:7      | Learned a level 2 spell: Passwall
  6085 | D:7      | Learned a level 2 spell: Swiftness
  6090 | D:7      | Learned a level 4 spell: Tree Form
  6480 | D:8      | Reached skill level 5 in Dodging
  6676 | D:8      | Found a staircase to the Lair.
  6689 | D:8      | Reached **** piety under Jiyva
  6794 | D:7      | Reached skill level 5 in Spellcasting
  6794 | D:7      | Reached XP level 10. HP: 53/81 MP: 19/19
  7017 | D:8      | Gained mutation: You have a pair of horns on your head.
                  | [Jiyva's grace]
  7217 | D:8      | Found Fes Icke's General Store.
  7223 | D:8      | Bought a scroll of identify for 24 gold pieces
  7223 | D:8      | Bought a ration for 60 gold pieces
  7227 | D:8      | Bought a scroll of blinking for 90 gold pieces
  7260 | D:8      | Noticed a catoblepas
  7941 | D:8      | Learned a level 5 spell: Summon Lightning Spire
  7947 | D:8      | Learned a level 5 spell: Silence
  7949 | D:8      | Upgraded the game from bcrawl-1.41 to bcrawl-1.41.1
  8021 | Lair:1   | Entered Level 1 of the Lair of Beasts
  8067 | Lair:1   | Found a gate leading to a gauntlet.
  8096 | Gauntlet | Entered a Gauntlet
  8096 | Gauntlet | Found a transporter.
  8125 | Gauntlet | Noticed an elephant
  8126 | Gauntlet | Noticed a torpor snail
  8126 | Gauntlet | Noticed an elephant
  8126 | Gauntlet | Noticed an elephant
  8129 | Gauntlet | Found a transporter.
  8143 | Gauntlet | Found a transporter.
  8149 | Gauntlet | Found a transporter.
  8162 | Gauntlet | Noticed a thrashing horror
  8164 | Gauntlet | Found a transporter.
  8164 | Gauntlet | Noticed a thrashing horror
  8181 | Gauntlet | Noticed a large abomination
  8184 | Gauntlet | Found a transporter.
  8196 | Gauntlet | Found a transporter.
  8196 | Gauntlet | Noticed a ghost crab
  8205 | Gauntlet | Noticed a death scarab
  8208 | Gauntlet | Found a transporter.
  8214 | Gauntlet | Noticed a death scarab
  8219 | Gauntlet | Noticed a fire crab
  8220 | Gauntlet | Found a transporter.
  8232 | Gauntlet | Found a transporter.
  8234 | Gauntlet | Noticed a thrashing horror
  8249 | Gauntlet | Found a transporter.
  8266 | Gauntlet | Found a transporter.
  8268 | Gauntlet | Found a transporter.
  8272 | Gauntlet | Noticed a death ooze
  8297 | Gauntlet | Found a transporter.
  8297 | Gauntlet | Found a transporter.
  8319 | Gauntlet | Found a transporter.
  8399 | Gauntlet | Found a transporter.
  8425 | Gauntlet | Found a transporter.
  8443 | Gauntlet | Noticed a manticore
  8583 | Gauntlet | Got a crystal great sword
  8606 | Gauntlet | Gained mutation: You are robust. (+10% HP) [Jiyva's grace]
  8719 | Gauntlet | Killed an elephant
  8758 | Gauntlet | Killed an elephant
  8770 | Gauntlet | Killed an elephant
  8779 | Gauntlet | Killed a torpor snail
  8915 | Gauntlet | Got a glimmering dire flail
  8960 | Gauntlet | Killed a thrashing horror
  8961 | Gauntlet | Reached XP level 11. HP: 23/101 MP: 4/23
  8971 | Gauntlet | Killed a thrashing horror
  9212 | Gauntlet | Identified the +6 hunting sling "Doanion" {flame, +Blink
                  | rElec}
  9212 | Gauntlet | Noticed a minotaur
  9219 | Gauntlet | Killed a minotaur
  9251 | Gauntlet | Identified the Papyrus of Earth and Moulding
  9482 | Lair:1   | HP: 6/156 [cane toad (8)]
  9482 | Lair:1   | Slain by a cane toad

Skill      XL: |  1  2  3  4  5  6  7  8  9 10 11 |
---------------+----------------------------------+-----
Stealth        | 3 |  3.0
Dodging        | 3 6 7 |  7.0
Maces & Flails | 2 3 4 5 7 8 |  8.0
Fighting       | 3 4 5 7 8 |  8.6
Spellcasting   | 1 2 3 5 7 |  7.0
Armour         | 4 |  4.0
Conjurations   | |  7.0
Hexes          | |  7.0
Charms         | |  7.0
Summonings     | |  7.0
Necromancy     | |  7.0
Translocations | |  7.0
Transmutations | |  7.0
Fire Magic     | |  7.0
Ice Magic      | |  7.0
Air Magic      | |  7.0
Earth Magic    | |  7.0
Poison Magic   | |  7.0

Action                   |  1- 3 |  4- 6 |  7- 9 | 10-12 || total
-------------------------+-------+-------+-------+-------++-------
Melee: Whip              |   134 |    33 |       |       ||   167
       Bite              |     7 |     6 |    33 |     5 ||    51
       Headbutt          |    16 |    11 |    47 |    17 ||    91
       Dagger            |       |    43 |       |       ||    43
       Flail             |       |    31 |   244 |       ||   275
       Mace              |       |       |    89 |   148 ||   237
 Fire: Blowgun           |     2 |    15 |     1 |       ||    18
Throw: Javelin           |     1 |    29 |       |     8 ||    38
       Tomahawk          |       |     4 |    40 |    56 ||   100
 Cast: Summon Lightning  |       |       |       |    19 ||    19
       Tree Form         |       |       |       |     4 ||     4
 Abil: Evoke Flight      |       |     1 |       |       ||     1
Evoke: Wand              |       |       |       |     3 ||     3
  Use: Scroll            |     5 |     5 |     8 |     7 ||    25
       Potion            |       |     1 |     4 |     6 ||    11
 Stab: Sleeping          |     2 |       |     4 |     1 ||     7
       Distracted        |       |       |     1 |     2 ||     3
       Invisible         |       |       |       |     3 ||     3
  Eat: Chunk             |     7 |    10 |    12 |    18 ||    47
       Ration            |       |       |     6 |     2 ||     8
Armor: Animal skin       |     9 |       |       |       ||     9
       Ring mail         |    32 |    42 |   171 |    88 ||   333
       Skin              |       |       |       |    68 ||    68
Dodge: Dodged            |    79 |    77 |   235 |   122 ||   513
